 Dungeon Crawl Stone Soup version 0.31-a0-1002-g8e65716e6e (webtiles) character file.

Game seed: 13775801877232409640

9507 wynaut the Cleaver (level 11, -2/123 HPs)
             Began as a Demonspawn Berserker on Nov 9, 2023.
             Was an Elder of Trog.
             Slain by Urug
             ... wielding a +2 demon trident of venom
              (24 damage)
             ... on level 10 of the Dungeon.
             The game lasted 00:48:15 (7752 turns).

wynaut the Cleaver (Demonspawn Berserker)           Turns: 7752, Time: 00:48:17

Health: -2/123     AC: 18    Str: 30    XL:     11   Next: 23%
Magic:  9/9        EV:  7    Int:  9    God:    Trog [****..]
Gold:   397        SH:  4    Dex: 13    Spells: 10/10 levels left

rFire   + + .        w - +5 flail of Disintegration {pain, Will+ Str+3 SInv}
rCold   + . .        (no shield)
rNeg    . . .        j - +2 gold dragon scales
rPois   +            b - +1 hat
rElec   .            (no cloak)
rCorr   .            n - +0 pair of gloves
SInv    +            (no boots)
Will    +....        g - amulet of regeneration Stlth
                     I - +6 ring of strength
HPRegen 1.20/turn    F - ring of poison resistance
MPRegen 0.11/turn

%: no passive effects
@: berserking, very quick
A: horns 2, demonic guardian 1, condensation shield, weakness stinger 2, demonic
touch 2, fire resistance 1, low MP 1, inability to drink after injury 1, sturdy
frame 1
a: Renounce Religion, Berserk, Trog's Hand, Brothers in Arms


You were on level 10 of the Dungeon.
You worshipped Trog.
Trog was greatly pleased with you.
You visited 2 branches of the dungeon, and saw 11 of its levels.

You collected 479 gold pieces.
You spent 82 gold pieces at shops.

Inventory:

Hand Weapons
 a - a +0 hand axe of freezing
 e - a +0 flail of draining
 i - a +1 dagger of speed
 k - a +3 short sword
 s - a +0 great sword
 u - a +0 spear
 w - the +5 flail of Disintegration (weapon) {pain, Will+ Str+3 SInv}
   (You found it on level 6 of the Dungeon)

   Str+3:     It affects your strength (+3).
   Will+:     It increases your willpower.
   SInv:      It lets you see invisible.
 x - a +4 great sword of freezing
 A - a +5 battleaxe
Missiles
 h - 29 boomerangs
Armour
 b - a +1 hat (worn)
 j - +2 gold dragon scales (worn)
 n - a +0 pair of gloves (worn)
Jewellery
 d - a ring of flight
 g - an amulet of regeneration (around neck)
 r - an amulet of the acrobat
 y - a ring of protection from cold
 B - an amulet of magic regeneration
 D - a ring of resist corrosion
 F - a ring of poison resistance (right hand)
 I - a +6 ring of strength (left hand)
Wands
 l - a wand of mindburst (27)
 E - a wand of flame (16)
Scrolls
 c - 3 scrolls of identify
 o - 3 scrolls of poison
 p - a scroll of enchant weapon
 q - a scroll of teleportation
 t - a scroll of blinking
 v - 2 scrolls of immolation
Potions
 f - a potion of lignification
 m - a potion of might
 z - 2 potions of enlightenment
 C - a potion of magic
 H - a potion of haste
 J - a potion of ambrosia
Miscellaneous
 G - a lightning rod (4/4)


   Skills:
 - Level 6.3 Fighting
 + Level 12.1(13.1) Axes
 + Level 8.1(11.2) Maces & Flails
 - Level 0.3 Throwing
 - Level 4.9 Armour
 - Level 2.6 Dodging
 - Level 1.7 Stealth
 - Level 0.4 Shields


You had 10 spell levels left.
You didn't know any spells.
Your spell library contained the following spells:

 Spells                   Type           Power      Damage    Failure   Level
 Summon Small Mammal      Summ           0%         N/A       100%        1
 Call Canine Familiar     Summ           0%         N/A       100%        3
 Summon Guardian Golem    Hex/Summ       0%         N/A       100%        3


Dungeon Overview and Level Annotations

Branches:
Dungeon (10/15)            Temple (1/1) D:6
   Lair: D:8-11         Orc: D:9-12

Altars:
Ashenzari
Cheibriados
Dithmenos
Fedhas
Gozag
Hepliaklqana
Kikubaaqudgha
Makhleb
Nemelex Xobeh
Okawaru
Qazlal
Ru
Sif Muna
Trog
Uskayaw
Vehumet
Wu Jian
Xom
Yredelemnul

Shops:
D:2 =   D:3 [=:?*   D:8 (

Annotations:
D:10 Urug


Innate Abilities, Weirdness & Mutations

You have a pair of horns on your head.
A weak demonic guardian rushes to your aid.
A meltable shield of frost defends you. (SH +4)
You have a tail ending in a sharp stinger.
Your touch may inflict irresistible damage on your foes.
Your flesh is heat resistant. (rF+)
Your magical capacity is low. (-10% MP)
You occasionally lose the ability to drink potions when taking damage.
Your movements are slightly less encumbered by armour. (ER -2)


Message History

The orc knight hits you with a +0 scimitar!
The orc knight closely misses you.
Your ogre hits the orc knight with a +0 giant spiked club!
You hit the orc knight. The orc knight blocks your attack.
The orc knight is almost dead.
The orc knight hits you with a +0 long sword.
The orc knight hits you with a +0 scimitar.
You hit the orc knight. The orc knight blocks your attack.
You tail-slap the orc knight, but do no damage.
The orc knight blocks your attack.
The orc knight is almost dead.
The orc knight blocks your ogre's attack.
The orc knight hits you with a +0 scimitar.
A javelin appears from out of your range of vision.
The javelin pierces through your ogre!!
The javelin barely misses the orc knight.
The orc knight hits you but does no damage.
A red film seems to cover your vision as you go berserk!
You feel yourself moving faster!
You feel mighty!
The orc knight blocks your ogre's attack.
The orc knight barely misses you.
The orc knight hits your ogre with a +0 long sword!!
Your ogre dies!
Your ogre's corpse disappears in a puff of smoke!
The orc knight shouts!
You sock the orc knight!
You kill the orc knight!
Trog accepts your kill.
You hear a shout!
You barely miss the orc knight. Your touch misses the orc knight.
The orc knight hits you but does no damage.
Urug the Orcish Ballista comes into view.
She is wielding a +2 demon trident of venom.
You thump the orc knight! Your touch misses the orc knight.
The orc knight is lightly wounded.
The orc knight hits you with a +0 scimitar!!
* * * LOW HITPOINT WARNING * * *
A demonic guardian appears!
Urug hits you from afar with a +2 demon trident of venom!!
You die...
Urug says, "One more harpy dead."

.......###.......##
.
..#....##.......##
.. #..............#
...
#.............##
....#.....#...##.##
..........#.######
#........###
##..##(.## ## #.@)#
##)o..# o.4..#
......# ##.....#
(#.....# ###..#.##
.. ...#.#


You could see an orc knight (strong, ally target), Urug (strong), a +6 triple
sword and a friendly ice devil (summoned).

Vanquished Creatures
  Harold (D:10)
  An orc knight (D:10)
  Pikel (D:5)
  Prince Ribbit (D:6)
  A hornet (D:10)
  Grinder (D:3)
  A shadow (D:9)
  Sigmund (D:2)
  7 yaks (D:9)
  A steam dragon (D:9)
  Edmund (D:5)
  Menkaure (D:5)
  Duvessa (D:4)
  3 orc warriors
  A sky beast (D:7)
  2 black bears
  2 ice beasts
  2 ogres
  5 centaurs
  2 lemures (D:5)
  A phantom (D:5)
  A kobold brigand (D:9)
  Blork the orc (D:5)
  5 bullfrogs
  A gnoll sergeant (D:6)
  2 scorpions (D:5)
  10 wights
  Dowan (D:4)
  8 killer bees
  2 howler monkeys (D:7)
  5 hounds (D:5)
  An orc priest (D:3)
  A jelly (D:4)
  An iguana (D:5)
  9 orc wizards
  Natasha (thrice) (D:2)
  15 gnolls
  11 adders
  2 white imps
  A worm (D:2)
  28 orcs
  4 bats
  4 endoplasms
  7 giant cockroaches
  13 goblins
  4 hobgoblins
  4 jackals (D:2)
  5 quokkas
  12 ball pythons
  14 kobolds
  6 rats
218 creatures vanquished.

Vanquished Creatures (collateral kills)
  Gastronok (D:9)
  A deep elf pyromancer (D:10)
  A wraith (D:10)
  A shadow (D:9)
  A centaur (D:10)
  A killer bee (D:10)
6 creatures vanquished.

Vanquished Creatures (others)
  An orc (D:9)
1 creature vanquished.

Grand Total: 225 creatures vanquished

Notes
Turn   | Place    | Note
-------+----------+-------------------------------------------
     0 | D:1      | wynaut the Demonspawn Berserker began the quest for the
                  | Orb.
     0 | D:1      | Reached XP level 1. HP: 18/18 MP: 1/1
   169 | D:1      | Reached skill level 3 in Axes
   200 | D:1      | Discovered your monstrous ancestry.
   200 | D:1      | Gained mutation: Your touch may inflict minor irresistible
                  | damage on your foes. [demonic ancestry]
   200 | D:1      | Reached XP level 2. HP: 24/24 MP: 2/2
   720 | D:1      | Found a faded altar of an unknown god.
   813 | D:2      | Gained mutation: Your touch may inflict irresistible damage
                  | on your foes. [demonic ancestry]
   813 | D:2      | Reached XP level 3. HP: 17/29 MP: 3/3
  1030 | D:2      | Found Ronn's Jewellery Emporium.
  1037 | D:2      | Noticed Sigmund
  1038 | D:2      | Reached ** piety under Trog
  1045 | D:2      | Killed Sigmund
  1046 | D:2      | Reached skill level 4 in Axes
  1046 | D:2      | Reached skill level 1 in Stealth
  1046 | D:2      | Gained mutation: You have a small tail. [demonic ancestry]
  1046 | D:2      | Reached XP level 4. HP: 37/37 MP: 4/4
  1046 | D:2      | Gained mutation: You have a pair of small horns on your
                  | head. [demonic ancestry]
  1046 | D:2      | Reached XP level 5. HP: 42/42 MP: 5/5
  1355 | D:2      | Noticed Natasha
  1368 | D:2      | Killed Natasha
  1475 | D:2      | Noticed Natasha
  1489 | D:2      | Killed Natasha
  1542 | D:2      | Noticed Natasha
  1552 | D:2      | Killed Natasha
  1553 | D:2      | Reached skill level 5 in Axes
  1553 | D:2      | Gained mutation: A meltable shield of frost defends you.
                  | (SH +4) [demonic ancestry]
  1553 | D:2      | Reached XP level 6. HP: 32/48 MP: 6/6
  1663 | D:3      | Found Fiecuo's Jewellery Emporium.
  1706 | D:3      | Found Gurai's Armour Shoppe.
  1848 | D:3      | Reached *** piety under Trog
  1896 | D:3      | Noticed Grinder
  1903 | D:3      | Killed Grinder
  1904 | D:3      | Gained mutation: A weak demonic guardian rushes to your
                  | aid. [demonic ancestry]
  1904 | D:3      | Reached XP level 7. HP: 31/55 MP: 7/7
  1927 | D:3      | Found Jiwalise's Book Boutique.
  2006 | D:3      | Reached skill level 6 in Axes
  2128 | D:3      | Found Suimowol's Magic Scroll Shoppe.
  2132 | D:3      | Bought a scroll of enchant armour for 82 gold pieces
  2369 | D:3      | Found Yfielafo's Assorted Antiques.
  2926 | D:4      | Noticed Dowan
  2929 | D:4      | Noticed Duvessa
  2935 | D:4      | Killed Dowan
  2943 | D:4      | Killed Duvessa
  2944 | D:4      | Reached skill level 5 in Fighting
  3884 | D:5      | Entered Level 5 of the Dungeon
  3888 | D:5      | Reached skill level 7 in Axes
  3888 | D:5      | Gained mutation: You have a tail ending in a sharp stinger.
                  | [demonic ancestry]
  3888 | D:5      | Reached XP level 8. HP: 62/62 MP: 8/8
  3906 | D:5      | Reached **** piety under Trog
  3955 | D:5      | Found a sparkling altar of Nemelex Xobeh.
  4047 | D:5      | Noticed Menkaure
  4053 | D:5      | Killed Menkaure
  4069 | D:5      | Reached skill level 8 in Axes
  4079 | D:5      | Noticed Pikel
  4083 | D:5      | Noticed Edmund
  4105 | D:5      | Killed Pikel
  4215 | D:5      | Found a radiant altar of Vehumet.
  4244 | D:5      | Noticed Blork the orc
  4254 | D:5      | Killed Blork the orc
  4255 | D:5      | Gained mutation: You have a pair of horns on your head.
                  | [demonic ancestry]
  4255 | D:5      | Reached XP level 9. HP: 59/69 MP: 9/9
  4357 | D:5      | Killed Edmund
  4589 | D:6      | Reached skill level 9 in Axes
  4639 | D:6      | Gained mutation: Your movements are slightly less
                  | encumbered by armour. (ER -2) [potion of mutation]
  4639 | D:6      | Gained mutation: Your magical capacity is low. (-10% MP)
                  | [potion of mutation]
  4639 | D:6      | Gained mutation: You occasionally lose the ability to drink
                  | potions when taking damage. [potion of mutation]
  4639 | D:6      | Gained mutation: Your flesh is heat resistant. (rF+)
                  | [potion of mutation]
  4718 | D:6      | Identified the +5 flail of Disintegration {pain, Will+
                  | Str+3 SInv}
  4758 | D:6      | Noticed Prince Ribbit
  4769 | D:6      | Killed Prince Ribbit
  4770 | D:6      | Reached skill level 1 in Maces & Flails
  4954 | D:6      | Found a staircase to the Ecumenical Temple.
  4965 | Temple   | Entered the Ecumenical Temple
  5227 | D:7      | Found a burning altar of Makhleb.
  5227 | D:7      | Found a hide-covered altar of Uskayaw.
  5279 | D:7      | Found an iron altar of Okawaru.
  5282 | D:7      | Found a shimmering blue altar of Sif Muna.
  5284 | D:7      | Found a sacrificial altar of Ru.
  5664 | D:7      | Reached skill level 10 in Axes
  6051 | D:8      | Reached XP level 10. HP: 61/77 MP: 9/9
  6327 | D:8      | Found a flagged portal.
  6334 | D:8      | Reached ***** piety under Trog
  6551 | D:8      | Reached skill level 5 in Maces & Flails
  6794 | D:8      | Found Nito's Antique Weapon Boutique.
  7084 | D:9      | Noticed Gastronok
  7118 | D:9      | Killed Gastronok
  7119 | D:9      | Reached skill level 11 in Axes
  7650 | D:10     | Entered Level 10 of the Dungeon
  7651 | D:10     | Noticed a deep elf pyromancer
  7660 | D:10     | Reached XP level 11. HP: 59/82 MP: 9/9
  7664 | D:10     | Killed a deep elf pyromancer
  7734 | D:10     | Noticed Harold
  7736 | D:10     | Noticed an orc knight
  7738 | D:10     | Noticed a +6 triple sword
  7738 | D:10     | Noticed an orc knight
  7745 | D:10     | Killed Harold
  7746 | D:10     | Reached skill level 12 in Axes
  7750 | D:10     | Killed an orc knight
  7751 | D:10     | Noticed Urug
  7752 | D:10     | Slain by Urug

Illustrated notes

Levels and vault maps discovered:
D:1:      tarquinn_simple_flora_water_b, layout_basic,
          dreamdust_ecumenical_altar_hidden_monk_grotto, minmay_heptomino_w4
D:2:      layout_loops_cross, serial_shops, nicolae_shop_gaudy_bauble,
          serial_rivers, chequers_serial_rivers_micro_a,
          chequers_serial_rivers_micro_a, chequers_serial_rivers_micro_d,
          chequers_serial_rivers_micro_d, uniq_sigmund, uniq_natasha
D:3:      minmay_wonky_spiral, layout_basic, serial_shops,
          nicolae_shop_waterfront, nicolae_shop_rolled_up, shop,
          nicolae_shop_behind_doors, nicolae_shop_tiny_statue_garden,
          minmay_pentangle, uniq_grinder
D:4:      layout_layer_cave, uniq_duvessa
D:5:      layout_rooms, nicolae_vehumet_radiance, mainiacjoe_overflow_alcove_2,
          uniq_blork_the_orc, uniq_menkaure, uniq_edmund, uniq_pikel
D:6:      layout_rooms, minmay_temple_entry_statues, hangedman_decor_growths,
          roderic_lattice_a, dk_vineyard_3, uniq_prince_ribbit1
D:7:      layout_cave_pods, grunt_temple_overflow_open
D:8:      layout_cave_pods, serial_shops, nicolae_shop_back_alley_shop,
          enter_bailey_5
D:9:      layout_rooms, st_stairs_2, uniq_gastronok
D:10:     layout_cave_pools, dpeg_oklobed_lair, sword_in_stone
Temple:   regret_index_temple_waves

Skill      XL: |  1  2  3  4  5  6  7  8  9 10 11 |
---------------+----------------------------------+-----
Axes           | 3 4 5 7 8 10 11 12 | 12.1
Fighting       | 4 5 6 |  6.3
Armour         | 2 3 4 |  4.9
Dodging        | 2 |  2.6
Stealth        | 1 |  1.7
Maces & Flails | 4 7 8 |  8.1
Throwing       | |  0.3
Shields        | |  0.4

Action                     |  1- 3 |  4- 6 |  7- 9 | 10-12 || total
---------------------------+-------+-------+-------+-------++-------
  Melee: Hand axe          |    67 |   102 |   165 |       ||   334
         Touch             |     8 |     9 |    45 |    15 ||    77
         Tailslap          |       |    12 |    38 |    22 ||    72
         Headbutt          |       |    13 |    44 |    33 ||    90
         Punch             |       |       |     1 |     3 ||     4
         Flail             |       |       |    94 |   137 ||   231
  Throw: Throwing net      |       |       |     2 |       ||     2
         Boomerang         |       |       |     2 |       ||     2
 Invoke: Berserk           |     1 |       |     3 |     2 ||     6
         Trog's Hand       |       |       |     1 |       ||     1
         Brothers in Arms  |       |       |       |     3 ||     3
  Evoke: Lightning rod     |       |       |       |     1 ||     1
    Use: Potion            |     3 |       |     5 |     2 ||    10
         Scroll            |     1 |     4 |     9 |     4 ||    18
   Stab: Sleeping          |     1 |       |       |       ||     1
         Distracted        |       |       |       |     1 ||     1
 Armour: Animal skin       |    32 |    30 |       |       ||    62
         Gold dragon scale |       |    33 |   236 |   200 ||   469
  Dodge: Dodged            |    35 |    27 |    38 |    60 ||   160
  Block: Other             |       |     7 |    27 |    31 ||    65

Table legend: (Time is in decaauts)
 A = Elapsed time spent in this place.
 B = Non-inter-level travel time spent in this place.
 C = Inter-level travel time spent in this place.
 D = Time resting spent in this place.
 E = Time spent auto-exploring this place.
 F = Levels seen in this place.
 G = Mean time per level.
                   A        B        C        D        E       F      G
               +--------+--------+--------+--------+--------+-----+--------+
         Total |   7861 |   7696 |    165 |    407 |   5370 |  11 |  714.6 |
       Dungeon |   7853 |   7688 |    165 |    407 |   5370 |  10 |  785.3 |
        Temple |      7 |      7 |      0 |      0 |      0 |   1 |    7.0 |
               +--------+--------+--------+--------+--------+-----+--------+

Top non-repeatable levels by time:
     D:4: 1197 daAuts
     D:3: 1090 daAuts
     D:8: 909 daAuts
     D:2: 825 daAuts
     D:1: 807 daAuts
     D:6: 790 daAuts
     D:7: 779 daAuts
     D:9: 754 daAuts
     D:5: 600 daAuts
    D:10: 98 daAuts
  Temple: 7 daAuts
